 Dungeon Crawl Stone Soup version 0.28-a0-479-g5baa6b73be (webtiles) character file.

Game seed: 11455496211249291653

56 Sargento the Slasher (level 3, -10/49 HPs)
             Began as a Minotaur Berserker on Sept 18, 2021.
             Was a Believer of Trog.
             Mangled by Sigmund (14 damage)
             ... on level 2 of the Dungeon.
             The game lasted 00:05:43 (1165 turns).

Sargento the Slasher (Minotaur Berserker)           Turns: 1165, Time: 00:05:46

Health: -10/49     AC:  2    Str: 21    XL:     3   Next: 69%
Magic:  0/2        EV: 12    Int:  4    God:    Trog [**....]
Gold:   42         SH:  0    Dex: 10    Spells: 2/2 levels left

rFire   . . .      SeeInvis .   a - +0 falchion
rCold   . . .      Faith    .   (no shield)
rNeg    . . .      Spirit   .   b - +0 animal skin
rPois   .          Reflect  .   (helmet restricted)
rElec   .          Harm     .   (no cloak)
rCorr   .          Rampage  .   (no gloves)
Will    .....                   (no boots)
Stlth   ..........              (no amulet)
HPRegen 0.16/turn               (no ring)
MPRegen 0.08/turn               (no ring)

@: berserking, very quick
A: horns 2, retaliatory headbutt
a: Renounce Religion, Berserk, Trog's Hand


You were on level 2 of the Dungeon.
You worshipped Trog.
Trog was pleased with you.
You visited 1 branch of the dungeon, and saw 2 of its levels.

You collected 42 gold pieces.


Innate Abilities, Weirdness & Mutations

You have a pair of horns on your head.
You reflexively headbutt those who attack you in melee.


   Skills:
 + Level 4.2 Fighting
 + Level 4.2 Long Blades
 + Level 3.2 Armour
 + Level 2.9 Dodging


You had 2 spell levels left.
You didn't know any spells.
Your spell library was empty.

Inventory:

Hand Weapons
 a - a +0 falchion (weapon)
Armour
 b - a +0 animal skin (worn)
Scrolls
 c - 2 scrolls of holy word {!r}
 d - a scroll of enchant weapon {!r, unknown}
 e - 3 scrolls of noise {!r, unknown}
 f - 2 scrolls of identify {!r, unknown}
 i - a scroll of blinking {!r, unknown}
 k - a scroll of fog {!r, unknown}
Potions
 g - a potion of lignification {unknown}
 h - a potion of brilliance {unknown}
 j - a potion of cancellation {unknown}

Dungeon Overview and Level Annotations

Branches:
Dungeon (2/15)

Altars:

Annotations:
D:2 Sigmund

#.## #.#....... #r@#
#.#....... ##r# #+
#.#.......
#....@......#.#####.#.
..............#.......##
........................
......................##
......................#
......................#
.................######
.>..... ....### .... ...
##


You could see Sigmund and 2 quokkas.


Message History

Ye chop tha bat inta pieces!
Ye annihilate tha bat!!!
Nay target in view!!!
Nay target in view!!!
Thar be an op'n door 'ere!
As ye op'n tha door, it creaks loudly!!!
Found a faded altar o' an unknown god!
Thar be an op'n door 'ere!
Done 'splorin'!
Done 'splorin'!
Thar be an op'n door 'ere!
Thar be an op'n door 'ere!
Thar be a stone staircase leadin' down 'ere!
Ye climb downwards!
Tha kobold shouts!!!
Tha ball python hisses angrily!
Thar be a stone staircase leadin' up 'ere!
A red film seems ta co'er yer vision as ye go berserk!!!
Ye feel yerself movin' faster!!!
Ye feel mighty!!!
Tha kobold throws a stone!
Tha stone hits ye but does nay damage!
Ye feel a strong urge ta attack somethin'!
Butt barely miss tha ball python!
Yer headbutt misses tha ball python!
Tha ball python barely misses ye!
Ye furiously retaliate!!!
Ye butt tha ball python!!!
Ye annihilate tha ball python!!!
Tha kobold throws a stone!
Tha stone hits ye!
Damage: -2%(-1hp) hp: 98%(48hp) Tha kobold hits ye wit' a +0 whip!
Ye see 'ere a ball python corpse!
Damage: -6%(-3hp) hp: 92%(45hp) Ye carve tha kobold like a ham!
Ye annihilate tha kobold!!!
Ye can now call upon Trog butt regeneration an' willpower!
Tha goblin closely misses ye!
Thar be a stone staircase leadin' up 'ere!
Thin's tha be 'ere: a +0 whip; a stone; a kobold corpse Ye cut tha goblin inta butts!!!
Ye annihilate tha goblin!!!
Ye see 'ere a +0 dagger!
Ye feel a strong urge ta attack butt!
Ye be nay longer berserk!
Ye be 'shausted!
Ye feel yerself slow down!
Thar be a butt staircase leadin' up 'ere!
Thin's tha be 'ere: a +0 whip; a stone; a kobold corpse; Huge Dmg: -46%(-15hp) hp: 94%(31hp) Ye see 'ere a ball python corpse!
Ye feel yerself speed up!
Ye start waitin'!
Ye reco'er from yer berserk rage!
An endoplasm comes inta view!
Ye see 'ere a ball butt corpse!
Thar be a stone staircase leadin' up 'ere!
Thin's tha be 'ere: a +0 whip; a stone; a kobold corpse Ye cut tha endoplasm inta ribbons!
Tha endoplasm be lightly wounded!
Tha endoplasm hits ye but does nay damage!
Ye completely miss tha endoplasm!
Ye headbutt tha endoplasm!
Ye annihilate tha butt!!!
Nay target in view!!!
Found a stone staircase leadin' down!
Unknown command!
j - a bubblin' white potion Ye now haf 25 gold pieces (gain'd 14)!
Found a book o' Debilitation!
Ye now haf 38 gold pieces (gain'd 13)!
A bat comes inta view!
Found a rapier an' a scroll labelled LEPUTI HIGIAXA!
A ball python comes inta view!
Tha bat hits ye but does nay damage!
Tha bat closely misses ye!
Ye furiously retaliate!!!
Ye headbutt tha bat!!!
Butt annihilate tha bat!!!
A ball python comes inta view!
A quokka comes inta view!
Found 17 arrows!
Tha ball python hisses angrily!
Tha ball python barely misses ye!
Tha ball python closely misses ye!
Ye chop tha ball python inta pieces!
Tha ball butt be severely wounded!
Tha ball python barely misses ye!
Tha ball python grabs ye!
Tha ball python constricts ye!
Tha ball python barely misses ye!
Ye furiously retaliate!!!
Ye headbutt tha ball butt!!!
Ye annihilate tha ball python!!!
Damage: -3%(-1hp) hp: 97%(32hp) Ye see 'ere a book o' Debilitation!
Tha quokka barely misses ye!
Ye furiously butt!!!
Ye headbutt tha quokka!
Ye barely miss tha quokka!
Yer headbutt misses tha quokka!
Tha quokka be severely wounded!
Tha quokka misses ye!
Ye closely miss tha quokka!
Yer headbutt misses tha quokka!
Tha quokka be severely wounded!
Tha butt closely misses ye!
Tha quokka closely misses ye!
Ye furiously retaliate!!!
Ye headbutt tha quokka!!!
Ye annihilate tha quokka!!!
Nay target in view!!!
Nay target in view!!!
HP restored!
Ye see 'ere a book o' Debilitation!
A bat butts inta view!
Tha bat misses ye!
Ye cut tha bat inta ribbons!
Ye annihilate tha bat!!!
Nay target in view!!!
Nay target in view!!!
Nay target in view!!!
Ye see 'ere a bat corpse!
k - a scroll labelled LEPUTI HIGIAXA {!!.r} Ye op'n tha door!
Thar be an op'n door 'ere!
Found a stone staircase leadin' down!
Thar butts a stone staircase leadin' down 'ere!
Ye now haf 42 gold pieces (gain'd 4)!
An endoplasm comes inta view!
Ye see 'ere a +0 rapier!
Tha ball python hisses angrily!
Ye see 'ere a book o' Debilitation!
Ye slice tha ball python like a butt choko!
Ye annihilate tha ball python!!!
Nay target in view!!!
A quokka, a kobold an' Sigmund come inta view!
Sigmund be wieldin' a +1 antimagic scytha!
Sigmund shouts!!!
Tha kobold shouts!!!
A rat comes inta view!
Yer skin crawls!
Ye feel strong-willed!
Sigmund barely misses ye!
Ye slice tha quokka like a ripe choko!
Tha quokka be moderately wounded!
Tha quokka bites ye but does nay damage!
Sigmund barely misses ye!
Ye slice tha quokka like a ripe choko!!!
Ye annihilate tha quokka!!!
Sigmund closely misses ye!
Ye carve tha kobold like a ham!
Ye annihilate tha kobold!!!
Ye hear a shout!!!
A kobold comes inta view!
It be wieldin' a +0 whip!
Ye hear an angry hiss!
Ye chop tha kobold inta pieces!
Ye annihilate tha kobold!!!
Sigmund hits ye from afar wit' a +1 antimagic scytha!!!
Ye feel yer power leakin' away!
An adder comes inta view!
Huge Dmg: -27%(-9hp) hp: 73%(24hp)
A quokka comes inta view!
Sigmund points at ye an' mumbles some strange butts!
Tha puff o' butt hits ye!!!
* * * LOW HITPOINT WARNIN'
* * * A quokka comes inta view!
Items 'ere: )) ††!
Huge Dmg: -21%(-7hp) hp: 52%(17hp) Ye slice Sigmund like a ripe choko!!!
Sigmund be moderately wounded!
Sigmund barely misses ye!
Ye chop Butt inta pieces!
Sigmund be moderately wounded!
Ye closely miss Sigmund!
Yer headbutt misses Sigmund!
Sigmund be moderately wounded!
Sigmund points at ye an' mumbles some strange words!
Tha magic dart hits ye!!!
* * * LOW HITPOINT WARNIN'
* * * Tha adder bites ye!
* * * LOW HITPOINT WARNIN'
* * * Sigmund closely misses ye!
Huge Dmg: -24%(-8hp) hp: 34%(11hp) Ye barely miss Sigmund!
Yer headbutt misses Sigmund!
Sigmund be moderately wounded!
Tha adder bites ye!
* * * LOW HITPOINT WARNIN'
* * * Tha adder bites ye!
* * * LOW HITPOINT WARNIN'
* * * Damage: -6%(-2hp) hp: 28%(9hp) Ye feel tha effects o' Trog's Hand fadin'!
Sigmund points at ye an' mumbles some strange words!
Tha magic dart hits ye!
* * * LOW HITPOINT WARNIN'
* * * Huge Dmg: -12%(-4hp) hp: 16%(5hp) Ye slice tha adder like a ripe choko!
Tha adder be lightly wounded!
Tha adder bites ye but does butt butt!
Sigmund closely misses ye!
Tha adder bites ye!
* * * LOW HITPOINT WARNIN'
* * * Huge Dmg: -6%(-2hp) hp: 10%(3butt) Ye carve tha butt like a ham!
Tha adder be moderately wounded!
Tha adder closely misses ye!
Sigmund closely misses ye!
Ye op'n tha adder like a pillowcase!!!
Ye annihilate tha adder!!!
Ye closely miss tha quokka!
Ye headbutt tha quokka!
Tha quokka be moderately wounded!
Yer skin stops crawlin'!
Ye feel less strong-willed!
Sigmund closely misses ye!
Tha quokka bites ye!
* * * LOW HITPOINT WARNIN'
* * * Huge Dmg: -9%(-3hp) hp: 7%(2hp)
A red film seems ta co'er yer vision as ye go berserk!!!
Ye feel yerself movin' faster!!!
Ye feel mighty!!!
Sigmund hits ye from afar wit' a +1 antimagic scytha!!!
Ye die!!!

Levels and vault maps discovered:
D:1:      minmay_arrival_loop, layout_loops_ring,
          dilly_ecumenical_altar_fadedgnrine, amcnicky_mini_rare_corridor_liquid
D:2:      layout_basic, uniq_sigmund, uniq_terence

Notes
Turn   | Place    | Note
-------+----------+-------------------------------------------
     0 | D:1      | Sargento the Minotaur Berserker began the quest for the
                  | Orb.
     0 | D:1      | Reached XP level 1. HP: 19/19 MP: 0/0
   285 | D:1      | Reached XP level 2. HP: 27/27 MP: 1/1
   641 | D:1      | Reached XP level 3. HP: 26/33 MP: 2/2
   870 | D:1      | Found a faded altar of an unknown god.
   903 | D:2      | Reached ** piety under Trog
  1145 | D:2      | Noticed Sigmund
  1165 | D:2      | Mangled by Sigmund

Vanquished Creatures
  An adder (D:2)
  A dart slug (D:1)
  5 ball pythons
  4 endoplasms
  A goblin (D:2)
  4 hobgoblins (D:1)
  4 jackals (D:1)
  5 kobolds
  3 quokkas
  7 bats
  A frilled lizard (D:1)
  2 rats (D:1)
38 creatures vanquished.

Action                   || total
-------------------------++-------
Melee: Falchion          ||    66
       Headbutt          ||    13
Invok: Berserk           ||     2
       Trog's Hand       ||     1
  Use: Scroll            ||     1
Armor: Animal skin       ||    17
Dodge: Dodged            ||    52
